 Dungeon Crawl Stone Soup version 0.19.1-1-g22dce08 (webtiles) character file.

73 HessuHobo the Conjurer (level 4, -2/24 HPs)
             Began as a Deep Elf Conjurer on Dec 28, 2016.
             Slain by a worm (10 damage)
             ... on level 2 of the Dungeon.
             The game lasted 00:04:39 (1998 turns).

HessuHobo the Conjurer (Deep Elf Conjurer)          Turns: 1998, Time: 00:04:39

Health: -2/24      AC:  3    Str:  5 (6)  XL:     4   Next: 8%
Magic:  0/10       EV: 13    Int: 19 (20) God:
Gold:   141        SH:  0    Dex: 14 (15) Spells: 2 memorised, 6 levels left

rFire  . . .     SeeInvis .     o - +3 dagger (protect)
rCold  . . .     Gourm    .     m - +0 robe
rNeg   . . .     Faith    .     (no shield)
rPois  .         Spirit   .     (no helmet)
rElec  .         Reflect  .     g - +0 cloak
rCorr  .         Harm     .     (no gloves)
MR     .....                    (no boots)
Stlth  ++........               (no amulet)
                                (no ring)
                                (no ring)

@: no status effects
A: no striking features
a: no special abilities


You were on level 2 of the Dungeon.
You were not hungry.

You visited 1 branch of the dungeon, and saw 2 of its levels.

You collected 141 gold pieces.

Inventory:

Hand Weapons
 d - a +0 dagger
 o - a +3 dagger of protection (weapon)
Armour
 a - a +0 robe
 g - a +0 cloak (worn)
 h - a +0 robe
 m - a +0 robe (worn)
Jewellery
 f - a cursed ring of loudness {unknown}
 p - an uncursed ring of poison resistance {unknown}
Scrolls
 e - a scroll of amnesia
 i - 2 scrolls of identify {unknown}
 s - a scroll of immolation {unknown}
Potions
 k - a potion of cancellation {unknown}
 l - a potion of haste {unknown}
 n - a potion of curing
 q - a potion of flight {unknown}
Books
 b - a book of Conjurations

   Spells                             Type                      Level
   a - Magic Dart                     Conjuration                  1
   b - Searing Ray                    Conjuration                  2
   c - Dazzling Spray                 Conjuration/Hexes            3
   d - Fulminant Prism                Conjuration/Hexes            4
   e - Iskenderun's Mystic Blast      Conjuration                  4
   f - Iskenderun's Battlesphere      Conjuration/Charms           5
Comestibles
 c - a bread ration
 j - a meat ration
 t - a slice of pizza


   Skills:
 - Level 2.4 Dodging
 - Level 2.4 Stealth
 - Level 3.0 Spellcasting
 + Level 6.2 Conjurations


You had 6 spell levels left.
You knew the following spells:

 Your Spells              Type           Power        Failure   Level  Hunger
a - Magic Dart            Conj           ####         1%          1    None
b - Searing Ray           Conj           ####..       1%          2    ##.....


Dungeon Overview and Level Annotations

Branches:
Dungeon (2/15)

Altars:
Ashenzari
Yredelemnul

Annotations:
D:2 Robin


Message History

Confirm with . or Enter, or press ? or * to list all spells.
You don't have enough magic to cast that spell.
Things that are here:
a club; a dagger
Casting: Magic Dart
Confirm with . or Enter, or press ? or * to list all spells.
Aiming: Magic Dart
Press: ? - help, Shift-Dir - straight line, f/p - worm
Aim: a worm (severely wounded)
The magic dart hits the worm.
The worm is severely wounded.
Casting: Magic Dart
Confirm with . or Enter, or press ? or * to list all spells.
Aiming: Magic Dart
Press: ? - help, Shift-Dir - straight line, f/p - worm
Aim: a worm (heavily wounded)
The magic dart hits the worm.
The worm is almost dead.
The worm bites you!
You die...

#.#.#.#.# #.#...#.# ###
###############.##..#.# ...
####....)........$.##..#.##
#.####..........###########.....
#......###.#....## #g#.##
##.#...#...#.....# #...#
#.....#...#..w..# ##..#
#..####...####@.# #..#
###...⌠..#+#..⌠#..### #..#
.....#.........#....## #[.#
..##.##......?#####..########..#
......#.......#...#.........#.g##
<.+...+..._...'...#.........#.>..
..#...............#.........####.
....###.....w.#.###.........# #.
.....#.........#............# ##


You could see a worm.

Vanquished Creatures
  3 oozes (D:1)
  2 dart slugs (D:2)
  A leopard gecko (D:1)
  2 giant cockroaches
  11 goblins
  6 hobgoblins
  3 jackals (D:1)
  5 kobolds
  2 quokkas (D:2)
  2 ball pythons (D:1)
  6 bats
  3 frilled lizards
  4 rats (D:1)
50 creatures vanquished.

Notes
Turn   | Place    | Note
-------+----------+-------------------------------------------
     0 | D:1      | HessuHobo the Deep Elf Conjurer began the quest for the Orb.
     0 | D:1      | Reached XP level 1. HP: 10/10 MP: 6/6
    45 | D:1      | Reached XP level 2. HP: 15/15 MP: 5/8
   213 | D:1      | Reached skill level 5 in Conjurations
   363 | D:1      | Learned a level 2 spell: Searing Ray
   485 | D:1      | Reached XP level 3. HP: 19/19 MP: 4/9
  1177 | D:2      | Found a shattered altar of Ashenzari.
  1666 | D:2      | Found a basalt altar of Yredelemnul.
  1737 | D:2      | Reached skill level 6 in Conjurations
  1874 | D:2      | Noticed Robin
  1880 | D:2      | Reached XP level 4. HP: 17/24 MP: 3/10
  1998 | D:2      | Slain by a worm

Skill      XL: |  1  2  3 |
---------------+----------+-----
Conjurations   | 5 6 |  6.2
Dodging        | |  2.4
Stealth        | |  2.4
Spellcasting   | |  3.0

Action                   |  1- 3 |  4- 6 || total
-------------------------+-------+-------++-------
Melee: Dagger            |    17 |     1 ||    18
 Cast: Magic Dart        |    89 |    16 ||   105
  Use: Scroll            |     3 |       ||     3
       Potion            |     3 |       ||     3
  Eat: Chunk             |     3 |       ||     3
Armor: Robe              |     6 |     1 ||     7
Dodge: Dodged            |    13 |     9 ||    22
